 Dungeon Crawl Stone Soup version 0.28-a0-726-g4a9143789a (webtiles) character file.

Game seed: 15268316453281919971

1826 ytrimaz the Magician (level 9, -3/51 HPs)
             Began as an Octopode Conjurer on Oct 27, 2021.
             Was a Follower of Ashenzari.
             Blown up by Joseph (23 damage)
             ... with a mindburst bolt
             ... on level 7 of the Dungeon.
             The game lasted 00:09:29 (7668 turns).

ytrimaz the Magician (Octopode Conjurer)            Turns: 7668, Time: 00:09:30

Health: -3/51      AC:  5    Str:  7    XL:     9   Next: 11%
Magic:  6/20       EV: 14    Int: 29    God:    Ashenzari [*.....]
Gold:   310        SH:  5    Dex: 10    Spells: 22/23 levels left

rFire   . . .      SeeInvis .   m - +2 dagger (venom)
rCold   . . .      Faith    .   a - +1 buckler
rNeg    . . .      Spirit   .   (helmet restricted)
rPois   .          Reflect  .   (no amulet)
rElec   .          Harm     .   b - ring "Share My Sorrow" {AC+4, Alch, Comp} (curse)
rCorr   .          Rampage  .   g - ring "Esoteric Regret" {Int+6, Cun, Evo} (curse)
Will    .....                   j - ring of flight
Stlth   +++.......              (no ring)
HPRegen 0.17/turn               (no ring)
MPRegen 0.17/turn               (no ring)
                                (no ring)
                                (no ring)

@: flying
A: almost no armour, amphibious, 8 rings, camouflage 1, gelatinous body 1,
(nimble swimmer 1), tentacles
a: Renounce Religion, Curse Item, Shatter the Chains


You were on level 7 of the Dungeon.
You worshipped Ashenzari.
Ashenzari was aware of your devotion.
You visited 1 branch of the dungeon, and saw 7 of its levels.

You collected 310 gold pieces.

Inventory:

Hand Weapons
 d - a +2 dagger of freezing
 h - a +3 dagger
 l - a +5 dagger
 m - a +2 dagger of venom (weapon)
Armour
 a - a +1 buckler (worn)
Jewellery
 b - the cursed ring "Share My Sorrow" (left tentacle) {AC+4, Alch, Comp}
   (You found it on level 1 of the Dungeon)

   [ring of protection]

   AC:        It affects your AC (+4).
   It has a curse which improves the following skills: Alchemy: Poison Magic and
   Transmutations.
   Companions: Summonings and Necromancy.
 g - the cursed ring "Esoteric Regret" (right tentacle) {Int+6, Cun, Evo}
   (You found it on level 3 of the Dungeon)

   [ring of intelligence]

   Int:       It affects your intelligence (+6).
   It has a curse which improves the following skills: Cunning: Dodging and
   Stealth.
   Evocations: Evocations.
 j - a ring of flight (on tentacle)
Wands
 o - a wand of digging (5)
Scrolls
 i - 2 scrolls of enchant weapon
 n - a scroll of magic mapping
 s - a scroll of teleportation
Potions
 e - a potion of might
 f - a potion of mutation
 k - 2 potions of curing
 p - a potion of brilliance
 q - a potion of cancellation
 r - a potion of invisibility


   Skills:
 - Level 0.3 Short Blades
 * Level 4.7(5.7) Dodging
 - Level 2.6(3.5) Stealth
 * Level 3.8 Shields
 * Level 7.5 Spellcasting
 - Level 7.0 Conjurations


You had 22 spell levels left.
You knew the following spells:

 Your Spells              Type           Power      Damage    Failure   Level
a - Magic Dart            Conj           100%       1d8       1%          1

Your spell library contained the following spells:

 Spells                   Type           Power      Damage    Failure   Level
 Searing Ray              Conj           100%       2d8       1%          2
 Dazzling Flash           Conj/Hex       62%        N/A       3%          3
 Blink                    Tloc           20%        N/A       8%          2
 Fulminant Prism          Conj/Hex       15%        3d11      12%         4
 Iskenderun's Mystic Bla  Conj/Tloc      31%        2d8       12%         4
 Lesser Beckoning         Tloc           10%        N/A       14%         3
 Manifold Assault         Tloc           10%        N/A       80%         5


Dungeon Overview and Level Annotations

Branches:
Dungeon (7/15)
 Temple: D:4-7

Altars:
Ashenzari
Elyvilon
Kikubaaqudgha
Nemelex Xobeh
Trog
Xom

Shops:
D:1 [   D:3 =   D:4 ?*   D:5 :

Annotations:
D:7 Joseph


Innate Abilities, Weirdness & Mutations

You cannot wear most types of armour.
You are amphibious.
You can wear up to eight rings at the same time.
Your skin changes colour to match your surroundings (Stealth+).
Your rubbery body absorbs attacks. (AC +1, EV +1)
((You are camouflaged near water. (Stealth+)))
You have tentacles for arms and can constrict up to eight enemies at once.


Message History

Your +0 dagger of venom stops dripping with poison.
Your +2 dagger of venom begins to drip with poison!
m - a +2 dagger of venom (weapon)
You drop a +0 dagger of venom.
Joseph is nearby!
The magic dart hits Joseph.
Joseph is lightly wounded.
Joseph unwields a +0 quarterstaff.
Joseph wields a +0 hunting sling.
Joseph shoots a sling bullet.
You block the sling bullet.
Unknown command.
The magic dart hits Joseph but does no damage.
The magic dart hits Joseph.
Joseph is lightly wounded.
Joseph zaps a wand.
You struggle to resist.
The magic dart hits Joseph.
Joseph is lightly wounded.
Joseph shoots a sling bullet.
The sling bullet misses you.
The magic dart hits Joseph but does no damage.
Joseph is lightly wounded.
Joseph shoots a sling bullet.
The sling bullet barely misses you.
The magic dart hits Joseph but does no damage.
Joseph is lightly wounded.
Joseph zaps a wand.
You struggle to resist.
The magic dart hits Joseph.
Joseph is lightly wounded.
Joseph shoots a sling bullet.
You block the sling bullet.
The magic dart hits Joseph!
Joseph is moderately wounded.
Joseph shoots a sling bullet.
The sling bullet hits you!
The magic dart hits Joseph.
Joseph is moderately wounded.
Joseph shoots a sling bullet.
The sling bullet hits you!
You are too injured to fight recklessly!
You are too injured to fight recklessly!
You are too injured to fight recklessly!
Unknown command.
Joseph shoots a sling bullet.
The sling bullet completely misses you.
There is a stone staircase leading up here.
Joseph zaps a wand.
Your mind is blasted!
You die...

#.########...###
#....[#≈≈≈≈≈≈≈≈#
#.#...####...###
#.#.#######.##..
#.........@.##.#
###.#######.##.#
#..KK.#.#)##.#
#####.#.#)##.#
#.#...@#.####
#K#.#.......# . #
#K#.####.##.#
...K#K####.#.###...#
...KK.KK...#.....###
....#@############ .
.@ ... ###


You could see Joseph.

Vanquished Creatures
  Grinder (D:3)
  Sigmund (D:4)
  Edmund (D:4)
  2 black bears
  A sky beast (D:6)
  A necrophage (D:5)
  A centaur (D:5)
  2 phantoms
  A kobold brigand (D:7)
  A bullfrog (D:3)
  A centaur zombie (D:5)
  3 hounds
  A bullfrog zombie (D:5)
  A jelly (D:6)
  A centaur skeleton (D:6)
  3 orc priests
  2 iguanas (D:6)
  3 orc wizards
  A hound skeleton (D:5)
  A howler monkey skeleton (D:5)
  3 adders
  3 gnolls (D:3)
  2 ufetubi
  3 dart slugs
  2 worms
  18 orcs
  3 bats
  4 endoplasms
  2 giant cockroaches
  4 goblins
  15 hobgoblins
  6 jackals
  6 quokkas
  7 ball pythons
  6 frilled lizards
  3 kobolds
  2 rats
118 creatures vanquished.

Vanquished Creatures (others)
  A butterfly (D:5)
1 creature vanquished.

Grand Total: 119 creatures vanquished

Notes
Turn   | Place    | Note
-------+----------+-------------------------------------------
     0 | D:1      | ytrimaz the Octopode Conjurer began the quest for the Orb.
     0 | D:1      | Reached XP level 1. HP: 11/11 MP: 3/3
   306 | D:1      | Found a faded altar of an unknown god.
   482 | D:1      | Reached XP level 2. HP: 17/17 MP: 1/5
   482 | D:1      | Found Daravvux's Antique Armour Shop.
  1290 | D:2      | Reached XP level 3. HP: 21/21 MP: 2/6
  1911 | D:3      | Reached XP level 4. HP: 23/27 MP: 0/7
  1993 | D:3      | Noticed a bullfrog
  2720 | D:3      | Killed a bullfrog
  2721 | D:3      | Reached skill level 1 in Shields
  2721 | D:3      | Reached skill level 5 in Conjurations
  2721 | D:3      | Reached XP level 5. HP: 31/31 MP: 1/9
  2925 | D:3      | Found a broken altar of Ashenzari.
  2937 | D:3      | Found a shimmering altar of Xom.
  2954 | D:3      | Became a worshipper of Ashenzari the Shackled
  2977 | D:3      | Found Cezoz's Jewellery Emporium.
  2988 | D:3      | Found a bloodstained altar of Trog.
  3170 | D:3      | Reached XP level 6. HP: 35/36 MP: 6/11
  3348 | D:3      | Noticed Grinder
  3364 | D:3      | Killed Grinder
  3365 | D:3      | Reached XP level 7. HP: 33/41 MP: 3/13
  3512 | D:3      | Found a sparkling altar of Nemelex Xobeh.
  3805 | D:4      | Noticed Sigmund
  3805 | D:4      | Found Faamuami's General Store.
  3810 | D:4      | Killed Sigmund
  3835 | D:4      | Identified the +5 mace "Puakeh" {vorpal, rElec rC- Str+2
                  | Dex+8}
  3863 | D:4      | Found Vott's Magic Scroll Shoppe.
  3903 | D:4      | Noticed Edmund
  3946 | D:4      | Killed Edmund
  3947 | D:4      | Reached skill level 5 in Spellcasting
  4523 | D:5      | Entered Level 5 of the Dungeon
  4648 | D:5      | Reached XP level 8. HP: 40/46 MP: 9/16
  5552 | D:5      | Found Jinuptom's Book Emporium.
  5573 | D:5      | Found a white marble altar of Elyvilon.
  6161 | D:6      | Reached * piety under Ashenzari
  6231 | D:6      | Found an ancient bone altar of Kikubaaqudgha.
  7489 | D:6      | Reached XP level 9. HP: 51/51 MP: 12/19
  7610 | D:7      | Noticed Joseph
  7668 | D:7      | Blown up by Joseph

Illustrated notes

Levels and vault maps discovered:
D:1:      denvon_arrival_planthouse, layout_basic, serial_shops, shop_fountains,
          serial_glass, glass_columns_a, glass_columns_a,
          shapermc_ecumenical_altar_mp_ritualfount, minmay_misc_feat_roman
D:2:      layout_basic, serial_rivers, chequers_serial_rivers_small_b,
          chequers_serial_rivers_micro_c, chequers_serial_rivers_micro_a,
          chequers_serial_rivers_small_b, chequers_serial_rivers_micro_a
D:3:      layout_basic, mainiacjoe_overflow_small_starburst,
          nemelex_dance_club_becter, mainiacjoe_overflow_brackets,
          lemuel_crystal_altar, serial_shops, shop, kennysheep_generic_room_2,
          uniq_grinder
D:4:      layout_rooms, serial_shops, nicolae_shop_trees,
          nicolae_inconvenience_store, uniq_edmund, uniq_sigmund
D:5:      layout_basic, nicolae_elyvilon_peaceful_grove, serial_shops,
          kennysheep_mini
D:6:      layout_basic, mainiacjoe_overflow_alcove_2
D:7:      layout_basic, okawaru_metal_pillars_1_2,
          mainiacjoe_overflow_catwalk_spiral, minmay_temple_entry_sparse_star,
          serial_rivers, chequers_serial_rivers_micro_b,
          chequers_serial_rivers_micro_c, chequers_serial_rivers_micro_a,
          chequers_serial_rivers_marsh, chequers_serial_rivers_micro_d,
          chequers_serial_rivers_room_b, roderic_st_hans_cross,
          kennysheep_decorative_pillar, uniq_joseph

Skill      XL: |  1  2  3  4  5  6  7  8 |
---------------+-------------------------+-----
Shields        | 1 2 3 |  3.8
Spellcasting   | 3 4 5 7 |  7.5
Conjurations   | 5 6 7 |  7.0
Dodging        | 3 4 |  4.7
Short Blades   | |  0.3
Stealth        | |  2.6

Action                   |  1- 3 |  4- 6 |  7- 9 || total
-------------------------+-------+-------+-------++-------
Melee: Unarmed           |    11 |       |       ||    11
       Constrict         |     7 |     4 |    11 ||    22
       Dagger            |     9 |    29 |    49 ||    87
       Tentacles         |     2 |     4 |     5 ||    11
 Cast: Magic Dart        |    64 |    50 |   230 ||   344
Invok: Curse Item        |       |       |     2 ||     2
  Use: Scroll            |     1 |       |       ||     1
       Potion            |       |       |     1 ||     1
Armor: Skin              |     7 |     8 |    20 ||    35
Dodge: Dodged            |    15 |    21 |    48 ||    84
Block: Buckler           |       |    11 |    24 ||    35

Table legend: (Time is in decaauts)
 A = Elapsed time spent in this place.
 B = Non-inter-level travel time spent in this place.
 C = Inter-level travel time spent in this place.
 D = Time resting spent in this place.
 E = Time spent auto-exploring this place.
 F = Levels seen in this place.
 G = Mean time per level.
                   A        B        C        D        E       F      G
               +--------+--------+--------+--------+--------+-----+--------+
         Total |   7669 |   7468 |    201 |    721 |   5779 |   7 | 1095.6 |
       Dungeon |   7669 |   7468 |    201 |    721 |   5779 |   7 | 1095.6 |
               +--------+--------+--------+--------+--------+-----+--------+

Top non-repeatable levels by time:
     D:5: 1601 daAuts
     D:6: 1406 daAuts
     D:3: 1322 daAuts
     D:2: 1275 daAuts
     D:1: 1208 daAuts
     D:4: 736 daAuts
     D:7: 118 daAuts
